Map: Ephemeron LE

Players

DERASTAT - Winner!

  • Race: Zerg Zerg
  • League: Master
  • Spawn Location: 11:00

Mez

  • Race: Terran Terran
  • League: Master
  • Spawn Location: 5:00

VOD

Have the link to the VOD?

Description

Time

  • Played on: Sept. 5, 2019, 6:36 a.m.
  • Length: 15:52
Show
View Real Time Build Order
Export as new Build Order

DERASTAT Zerg - Winner!

Build Orders: Pool First, Brood Lord Corruptor, Muta Ling Bane 

Get SALT Encoding   

  12  0:03  Drone  
  13  0:13  Overlord  
  13  0:24  Drone  
  14  0:34  Drone x2  
  16  0:38  Drone  
  17  0:46  Spawning Pool  
  16  0:51  Drone  
  17  1:10  Hatchery  
  16  1:13  Drone  
  16  1:15  Extractor  
  16  1:18  Drone  
  16  1:22  Drone  
  18  1:33  Zergling x2  
  18  1:36  Queen  
  21  1:45  Roach Warren  
  20  1:49  Drone  
  20  1:51  Drone  
  22  2:03  Overlord  
  22  2:21  Queen  
  24  2:25  Roach x3  
  30  2:32  Queen  
  32  2:38  Overlord  
  32  2:42  Drone  
  33  2:54  Drone x3  
  33  2:57  Drone  
  37  3:01  Drone x2  
  40  3:20  Drone x6  
  44  3:27  Lair  
  42  3:34  Overlord  
  42  3:36  Overlord  
  38  3:51  Drone x3  
  38  3:52  Drone x2  
  43  4:04  Extractor, Drone x4  
  43  4:05  Extractor  
  45  4:15  Drone x2, Extractor  
  46  4:21  Overlord  
  46  4:26  Spire, Drone  
  46  4:31  Hatchery  
  46  4:32  Spore Crawler  
  46  4:34  Drone x5  
  49  4:40  Drone  
  49  4:41  Glial Reconstitution  
  50  4:45  Overlord  
  50  4:49  Overseer  
  50  4:51  Roach x2  
  54  4:56  Roach x2  
  58  5:16  Overlord x2  
  58  5:31  Metabolic Boost  
  58  5:32  Drone  
  58  5:33  Drone  
  60  5:45  Mutalisk  
  60  5:46  Mutalisk x3  
  60  5:48  Mutalisk  
  70  5:52  Drone x3  
  70  5:53  Queen  
  70  5:54  Queen x2  
  74  6:08  Drone x4  
  74  6:09  Drone x7  
  82  6:23  Drone  
  82  6:24  Drone  
  84  6:26  Drone x3  
  84  6:27  Overseer  
  87  6:37  Roach x2  
  91  6:41  Overlord x2  
  91  6:51  Drone x5  
  96  7:00  Baneling Nest  
  96  7:01  Evolution Chamber x2  
  91  7:16  Extractor  
  91  7:17  Drone x3, Extractor  
  91  7:20  Zerg Flyer Weapons Level 1  
  91  7:22  Drone x2  
  94  7:23  Drone x2  
  94  7:24  Drone x2  
  94  7:27  Zerg Ground Armor Level 1  
  94  7:28  Zerg Melee Weapons Level 1, Hatchery  
  97  7:30  Ravager  
  97  7:31  Ravager x2  
  97  7:32  Roach x3, Hatchery  
  97  7:33  Overlord x3  
  105  7:41  Overlord  
  105  7:42  Centrifical Hooks  
  105  7:45  Zergling x2  
  105  7:47  Overlord x3  
  105  7:50  Infestation Pit  
  105  7:51  Overseer  
  105  7:52  Overseer  
  105  7:57  Zergling x2  
  106  7:58  Zergling x2  
  106  7:59  Zergling x2  
  108  8:09  Drone  
  108  8:12  Roach x8  
  125  8:26  Drone  
  125  8:27  Drone  
  125  8:28  Drone  
  125  8:35  Drone x7  
  132  8:58  Zergling x14  
  132  8:59  Zergling x6  
  132  9:01  Baneling x2  
  141  9:06  Overlord x3  
  141  9:07  Queen  
  142  9:11  Hive  
  142  9:12  Zergling x14  
  142  9:13  Zergling x4  
  142  9:15  Ravager x3  
  142  9:16  Ravager  
  154  9:17  Baneling  
  154  9:18  Baneling x19  
  154  9:19  Zergling x4  
  156  9:28  Zerg Ground Armor Level 2  
  156  9:29  Zerg Melee Weapons Level 2  
  149  10:04  Hatchery  
  127  10:17  Corruptor  
  127  10:18  Corruptor x5  
  137  10:26  Overlord x2  
  137  10:29  Adrenal Glands, Ultralisk Cavern  
  137  10:33  Hatchery  
  135  10:40  Zergling x4  
  135  10:41  Zergling x24  
  145  10:46  Queen x2  
  145  10:48  Queen  
  150  11:01  Corruptor  
  152  11:05  Baneling x10  
  152  11:06  Baneling x3  
  152  11:07  Zergling x26  
  165  11:19  Chitinous Plating  
  165  11:25  Burrow  
  163  11:26  Drone x5  
  168  11:32  Hatchery  
  167  11:41  Ultralisk  
  173  11:58  Extractor x2, Drone x3  
  173  11:59  Drone x2  
  173  12:00  Drone  
  177  12:01  Greater Spire  
  177  12:02  Zerg Ground Armor Level 3  
  177  12:05  Zergling x20  
  177  12:06  Zergling x2  
  188  12:26  Zerg Melee Weapons Level 3  
  171  12:37  Viper x2, Anabolic Synthesis  
  177  12:58  Corruptor x4  
  177  12:59  Corruptor  
  185  13:12  Zergling x28  
  198  13:42  Brood Lord  
  198  13:47  Baneling x19  
  198  13:48  Baneling x8  
  166  14:03  Brood Lord x3  
  166  14:04  Brood Lord  
  166  14:06  Zergling x24  
  166  14:07  Zergling x6  
  187  14:20  Brood Lord x2  
  164  14:40  Corruptor  
  164  14:41  Corruptor x4  
  164  14:44  Zergling x20  
  181  15:04  Zergling x2  
  181  15:05  Zergling x16  
Show
View Real Time Build Order
Export as new Build Order

Mez Terran 

Build Orders: Reaper Expand 

Get SALT Encoding   

  12  0:00  SCV  
  13  0:12  SCV  
  14  0:17  Supply Depot  
  14  0:25  SCV  
  15  0:38  SCV  
  15  0:39  Barracks  
  16  0:45  Refinery  
  16  0:50  SCV  
  17  1:03  SCV  
  18  1:15  SCV  
  19  1:29  Orbital Command, Reaper  
  20  1:41  Command Center  
  20  1:50  Supply Depot  
  20  1:56  SCV  
  21  2:03  Marine  
  22  2:14  Factory  
  21  2:16  Refinery  
  21  2:20  SCV  
  22  2:23  Barracks Reactor  
  22  2:34  SCV  
  23  2:41  Bunker  
  23  2:46  SCV  
  24  2:55  Orbital Command  
  24  2:58  Factory Tech Lab  
  24  3:00  Marine x2  
  25  3:20  Marine x2, Cyclone  
  25  3:24  SCV x2  
  32  3:40  Marine x2  
  32  3:42  SCV x2  
  33  3:54  SCV x2  
  35  4:06  SCV, Hellion  
  35  4:07  Starport, Hellion  
  35  4:08  SCV  
  41  4:15  Supply Depot  
  41  4:18  SCV  
  41  4:20  SCV  
  43  4:28  Hellion  
  43  4:30  Liberator, SCV  
  46  4:36  SCV  
  46  4:37  Hellion  
  49  4:39  Supply Depot  
  49  4:42  SCV  
  50  4:47  Command Center  
  50  4:49  SCV  
  54  5:01  SCV x2  
  54  5:03  Stimpack  
  56  5:08  Barracks  
  56  5:11  Barracks  
  56  5:13  SCV x2  
  58  5:14  Factory Tech Lab  
  58  5:20  Supply Depot  
  58  5:23  Marine  
  58  5:25  SCV x2  
  61  5:36  Starport Reactor  
  61  5:37  SCV  
  61  5:40  Engineering Bay  
  61  5:41  Engineering Bay  
  61  5:42  Marine, Siege Tank, SCV  
  67  5:49  SCV, Refinery  
  68  5:51  Refinery  
  68  5:54  SCV  
  69  6:01  SCV  
  71  6:06  SCV  
  71  6:09  Orbital Command  
  71  6:11  Marine x2  
  68  6:13  SCV  
  68  6:15  Terran Infantry Armor Level 1, Terran Infantry Weapons Level 1  
  68  6:18  Barracks, SCV  
  68  6:19  Barracks  
  68  6:20  Starport Reactor  
  68  6:26  Marine  
  68  6:27  Marine x2  
  68  6:28  Supply Depot x2  
  68  6:29  Marine x2  
  73  6:38  Orbital Command  
  73  6:42  Siege Tank  
  73  6:47  Supply Depot  
  72  6:48  Combat Shield, Supply Depot  
  72  6:53  Missile Turret  
  69  7:00  Missile Turret  
  68  7:04  Medivac  
  68  7:05  Medivac, Missile Turret  
  69  7:11  SCV x3  
  71  7:17  Supply Depot  
  71  7:23  SCV x2  
  71  7:26  SCV  
  71  7:28  Marine x5, Barracks Reactor  
  79  7:32  Siege Tank  
  79  7:33  Armory  
  79  7:35  Medivac  
  84  7:38  SCV  
  84  7:39  SCV  
  84  7:41  Supply Depot  
  86  7:46  Marine x2  
  86  7:50  SCV  
  86  7:51  SCV x2  
  91  7:54  Missile Turret  
  91  7:56  Barracks Reactor  
  91  7:59  Marine x3  
  91  8:03  SCV x2  
  91  8:05  SCV  
  97  8:06  Siege Tank  
  97  8:11  Supply Depot  
  100  8:14  Marine x4  
  100  8:15  SCV x2  
  100  8:17  Marine, SCV, Supply Depot x2  
  109  8:27  SCV x2, Refinery  
  109  8:29  SCV  
  109  8:30  Marine x2  
  109  8:32  Marine, Refinery  
  111  8:34  Terran Infantry Armor Level 2, Terran Infantry Weapons Level 2  
  111  8:39  SCV x2  
  111  8:41  SCV  
  114  8:43  Supply Depot  
  114  8:45  Supply Depot  
  114  8:48  Marine x3, Supply Depot  
  114  8:49  Marine x4  
  121  8:59  Marine x2  
  121  9:00  Siege Tank, Medivac  
  121  9:01  Medivac  
  121  9:02  Terran Vehicle Weapons Level 1  
  130  9:13  Supply Depot  
  130  9:15  Marine  
  130  9:19  Command Center  
  125  9:33  Marine x8  
  125  9:34  Siege Tank  
  125  9:37  SCV x2  
  125  9:38  SCV  
  139  9:43  Factory  
  139  9:48  Marine  
  139  9:50  Marine, SCV x3  
  139  9:51  Marine x2  
  122  10:19  Marine x9  
  122  10:20  Siege Tank  
  129  10:27  Barracks x3  
  120  10:37  Marine x3, Factory Tech Lab  
  116  10:52  Siege Tank  
  116  10:54  Medivac x2  
  116  10:55  Marine x5  
  128  10:57  Terran Infantry Armor Level 3, Terran Infantry Weapons Level 3, Missile Turret  
  128  10:58  Terran Vehicle Weapons Level 2  
  128  11:08  Planetary Fortress  
  128  11:18  Refinery, Sensor Tower x2  
  128  11:22  Refinery  
  128  11:23  Barracks Tech Lab x3  
  128  11:24  Siege Tank  
  131  11:26  Marine x8  
  139  11:39  Marauder  
  141  11:40  Siege Tank  
  141  11:41  SCV x2  
  146  11:51  SCV  
  146  11:53  Marine x4, SCV, Marauder  
  146  11:54  Marauder  
  155  11:58  Siege Tank  
  155  12:01  Marine x3, Marauder x2  
  164  12:11  Concussive Shells  
  164  12:15  Marauder x2  
  168  12:21  Command Center, Siege Tank  
  168  12:22  Marine x4, Marauder  
  177  12:23  Medivac, Marauder  
  177  12:24  Medivac  
  183  12:31  Siege Tank  
  185  12:38  Marauder x2  
  185  12:43  Marauder, Fusion Core  
  187  12:46  Starport x2  
  177  13:19  Medivac x2  
  181  13:23  Starport Tech Lab  
  181  13:24  Starport Reactor  
  172  13:37  Marine, Siege Tank x2, Marauder x3  
  185  13:50  Marine x4  
  185  13:51  Marine, Marauder  
  178  13:58  Marauder x2  
  172  14:05  Marine x3  
  172  14:06  Marauder  
  172  14:08  Marine  
  175  14:12  Marauder  
  175  14:13  Marine  
  175  14:14  Marine  
  178  14:18  Viking x2  
  178  14:19  Marauder x2, Viking x3  
  178  14:23  Thor  
  178  14:24  Thor  
  178  14:45  Refinery  
  166  14:48  Medivac x2  
  166  14:52  Marauder  
  169  14:55  Ghost Academy, Viking x3  
  172  15:06  Marine x9  
  178  15:13  Marine  
  174  15:18  Marine x2  
  157  15:23  Marine  
  157  15:24  Marine x8  
  167  15:31  Marine  
Tags
 
Add a new tag
Caveats
  • Supply blocks, unpowered buildings, or Contaminate may cause inaccurate times.
  • Supply counts are checked every 10 seconds.